 Dungeon Crawl Stone Soup version 0.29.1-2-gbd0b4ee654 (webtiles) character file.

Game seed: 14543146850886588985

176550 SUNBASKER the Warrior (level 17, 0/164 (170) HPs)
             Began as a Minotaur Berserker on Nov 26, 2022.
             Was a High Priest of Trog.
             Slain by a culicivora (13 damage)
             ... on level 2 of the Spider Nest.
             The game lasted 01:04:28 (43336 turns).

SUNBASKER the Warrior (Minotaur Berserker)         Turns: 43336, Time: 01:04:32

HP:   0/164 (170)   AC: 26    Str: 28    XL:     17   Next: 24%
MP:   0/16          EV: 14    Int:  4    God:    Trog [*****.]
Gold: 1165          SH:  0    Dex: 12    Spells: 16/16 levels left

rFire   + + .      SeeInvis +   m - +3 executioner's axe (flame)
rCold   x . .      Faith    +   (shield currently unavailable)
rNeg    . . .      Spirit   +   R - +6 fire dragon scales of Jaaxerud {+Blink rPois rF++ rC-}
rPois   +          Reflect  .   V - +2 hat of the Bear Spirit {Spirit, *Rage Will++}
rElec   .          Harm     .   s - +0 cloak
rCorr   +          Rampage  .   E - +0 pair of gloves
Will    +++..      Rage     20% (no boots)
Stlth   ..........              A - amulet of faith
HPRegen 0.37/turn               Y - ring of see invisible
MPRegen 0.15/turn               Q - ring of resist corrosion

@: on berserk cooldown, slowed, lightly drained, very slow
A: horns 2, retaliatory headbutt
}: 1/15 runes: decaying
a: Renounce Religion, Evoke Blink, Berserk, Trog's Hand, Brothers in Arms


You were on level 2 of the Spider Nest.
You worshipped Trog.
Trog was extremely pleased with you.
You visited 5 branches of the dungeon, and saw 29 of its levels.
You also visited: Volcano.

You collected 2668 gold pieces.
You spent 1503 gold pieces at shops.

Inventory:

Hand Weapons
 m - a +3 executioner's axe of flaming (weapon)
Missiles
 i - 4 throwing nets (quivered)
Armour
 s - a +0 cloak (worn)
 t - the +1 plate armour of Least Resistance {Drain rN+ Slay+5 Stlth+}
   (You found it on level 4 of the Dungeon)

   Slay:      It affects your accuracy & damage with ranged weapons and melee
   (+5).
   rN:        It protects you from negative energy.
   Drain:     It drains your maximum health when unequipped.
   Stlth:     It makes you more stealthy.
 E - a +0 pair of gloves (worn)
 R - the +6 fire dragon scales of Jaaxerud (worn) {+Blink rPois rF++ rC-}
   (You found it on level 5 of the Lair of Beasts)

   rF:        It greatly protects you from fire.
   rC:        It makes you vulnerable to cold.
   rPois:     It protects you from poison.
   +Blink:    It lets you blink.
 V - the +2 hat of the Bear Spirit (worn) {Spirit, *Rage Will++}
   (You bought it in a shop on level 2 of the Orcish Mines)

   Going berserk makes the wearer tougher, and they're slowed less afterward.
   *Rage:     It berserks you when you make melee attacks (+20% chance).
   Will:      It greatly increases your willpower.
Jewellery
 o - a ring of protection from cold
 v - a ring of poison resistance
 A - an amulet of faith (around neck)
 H - a ring of willpower
 L - a ring of protection from fire
 Q - a ring of resist corrosion (right hand)
 Y - a ring of see invisible (left hand)
 Z - a ring of willpower
Wands
 b - a wand of flame (62)
 r - a wand of roots (7)
 z - a wand of polymorph (15)
 G - a wand of digging (6)
 J - a wand of paralysis (7)
Scrolls
 d - 8 scrolls of enchant armour
 k - a scroll of fear
 n - 3 scrolls of noise
 w - 5 scrolls of butterflies
 x - 9 scrolls of teleportation
 y - 4 scrolls of enchant weapon
 C - a scroll of immolation
 K - 4 scrolls of brand weapon
 M - 2 scrolls of torment
 N - 4 scrolls of identify
 O - 4 scrolls of magic mapping
 P - 4 scrolls of vulnerability
 U - 2 scrolls of poison
 X - 2 scrolls of blinking
Potions
 c - 4 potions of haste
 e - 2 potions of invisibility
 f - 5 potions of attraction
 g - 12 potions of curing
 h - 8 potions of resistance
 j - 5 potions of heal wounds
 l - 2 potions of lignification
 p - 6 potions of ambrosia
 q - 7 potions of flight
 u - 7 potions of mutation
 B - 6 potions of might
 D - 3 potions of magic
 F - a potion of cancellation
 I - 6 potions of brilliance
 S - a potion of berserk rage
 T - a potion of degeneration
Miscellaneous
 a - a piece from Xom's chessboard (15/15)
 W - a condenser vane


   Skills:
 * Level 19.8 Fighting
 * Level 19.7 Axes
 * Level 19.5 Armour
 * Level 10.2 Dodging
 + Level 10.5 Evocations


You had 16 spell levels left.
You didn't know any spells.
Your spell library was empty.

Dungeon Overview and Level Annotations

Branches:
Dungeon (15/15)            Temple (0/1) D:7            Lair (5/5) D:9
  Swamp (4/4) Lair:2       Spider (3/4) Lair:3        Slime (0/5) Lair:5
    Orc (2/2) D:9             Elf (0/3) Orc:2        Vaults (0/5) D:13
 Depths (0/4) D:15        Volcano (visited)

Altars:
Dithmenos
Gozag
Qazlal
Xom
Yredelemnul
Jiyva

Shops:
Orc:2 *[:(


Innate Abilities, Weirdness & Mutations

You have a pair of horns on your head.
You reflexively headbutt those who attack you in melee.


Message History

You hear a faint skittering sound.
The pharaoh ant attacks as you move away!
The pharaoh ant closely misses you.
The pharaoh ant bites you but does no damage.
The culicivora bites you but does no damage.
There is a stone staircase leading up here.
Things that are here:
a +0 hand axe; a +0 leather armour; a meliai corpse The pharaoh ant bites you!
You feel drained. The redback misses you. The redback closely misses you.
The pharaoh ant bites you!!
The redback bites you but does no damage.
The redback bites you.
You hear a faint skittering sound.
You climb upwards.
There is a stone staircase leading down here.
You are too injured to fight recklessly!
You slash the redback! You burn the redback.
The redback is severely wounded.
You hit the pharaoh ant but do no damage.
You closely miss the redback.
You hit the culicivora but do no damage.
The pharaoh ant bites you!
* * * LOW HITPOINT WARNING * * *
You feel drained.
* * * LOW HITPOINT WARNING * * *
The redback closely misses you.
The culicivora bites you but does no damage.
The redback misses you. The pharaoh ant misses you.
The redback bites you but does no damage.
The culicivora barely misses you.
The redback bites you but does no damage.
The pharaoh ant bites you!!
* * * LOW HITPOINT WARNING * * *
You closely miss the redback.
The redback is severely wounded.
You closely miss the culicivora. You closely miss the pharaoh ant.
You slice the redback!! You burn the redback. The redback bites you!
* * * LOW HITPOINT WARNING * * *
The culicivora bites you!
You die...

#######......## ###.
###.............# ##
#.....##..###...#
##....###^## ##..#
#.....##..# ##########
#.....###.####.........
##.....###.^..^.........
#.....ss####.#..........
#......@# ###..........
##....Bs## #....<.....
#####...# ##.....[....
#.### #.^...)..... ###
###......... ###....[..
###..... ###### #


You could see a culicivora, a pharaoh ant and 2 redbacks.

Vanquished Creatures
  Frances (Spider:2)
  Kirke (D:15)
  A storm dragon (D:13)
  A thorn hunter (Swamp:4)
  Donald (Swamp:1)
  Roxanne (Swamp:2)
  An emperor scorpion (Spider:2)
  The ghost of Suexuef the Stickfighter, an adept GrBe of Trog (Swamp:4)
  A ghost moth (Spider:1)
  A frost giant (D:13)
  A broodmother (Spider:2)
  3 ghouls (Swamp:2)
  An eleionoma (Swamp:2)
  An entropy weaver (Spider:2)
  4 bunyips
  2 fire dragons
  A shambling mangrove (Swamp:4)
  21 hydras
  A rakshasa (D:13)
  6 boulder beetles
  A jorogumo (Spider:2)
  A radroach (Spider:1)
  11 centaur warriors
  6 two-headed ogres
  5 death yaks (Lair:5)
  A dancing weapon (Swamp:4)
  4 alligators
  2 catoblepae
  A deep troll shaman (Lair:5)
  4 orc high priests (Orc:2)
  A spriggan berserker (Swamp:4)
  3 tengu warriors (D:13)
  6 spriggans
  A fire crab (shapeshifter) (D:13)
  2 pharaoh ants (Spider:2)
  A sun moth (Spider:3)
  4 goliath frogs
  3 spriggan druids
  3 steelbarb worms
  12 swamp dragons
  7 orb spiders
  8 bog bodies
  5 wizards
  Pikel (D:7)
  A lindwurm (shapeshifter) (D:13)
  8 wolf spiders
  A necromancer (D:15)
  3 salamanders (Volcano)
  3 orc sorcerers
  2 will-o-the-wisps
  A deep elf pyromancer (D:14)
  2 orc knights (Orc:1)
  18 ugly things
  3 cyclopes
  2 manticores
  2 moths of wrath (Spider:3)
  A centaur zombie (D:15)
  A black mamba (Lair:5)
  3 elephants (Lair:5)
  4 torpor snails
  9 cane toads
  2 centaur skeletons (D:15)
  2 gargoyles
  5 demonic crawlers
  10 komodo dragons
  2 unseen horrors
  Psyche (D:8)
  2 rime drakes
  2 efreet
  A tengu conjurer (D:10)
  A polar bear (shapeshifter) (D:13)
  11 trolls
  6 meliai
  2 polar bears (Lair:5)
  6 tyrant leeches
  A wind drake (shapeshifter) (D:13)
  12 slime creatures
  8 tarantellas (Spider:2)
  13 blink frogs
  4 dream sheep (Lair:2)
  6 hornets
  2 centaur simulacra (D:15)
  18 jumping spiders
  3 shadows
  10 culicivoras
  8 wyverns
  4 wraiths
  38 yaks
  A vampire (D:11)
  2 basilisks
  A basilisk (shapeshifter) (D:13)
  5 fire bats (Volcano)
  11 vampire mosquitoes
  3 hogs (D:15)
  2 steam dragons (Volcano)
  30 redbacks
  Edmund (D:6)
  5 wargs
  3 acid dragons
  10 swamp worms
  11 swamp drakes
  11 water moccasins
  19 orc warriors
  3 black bears
  An ice beast (D:7)
  2 sky beasts (D:7)
  18 wolves
  6 boggarts
  24 centaurs
  13 ogres
  A lemure (D:7)
  2 kobold brigands
  4 necrophages
  10 bullfrogs
  A scorpion (D:4)
  7 wights (D:7)
  3 killer bees (D:7)
  9 howler monkeys
  3 electric eels
  4 lava snakes (Lair:4)
  2 jellies
  31 orc priests
  Crazy Yiuf (D:4)
  4 hounds
  4 iguanas
  20 orc wizards
  A boggart simulacrum (D:13)
  12 adders
  4 gnolls (D:5)
  A shadow imp (D:7)
  4 white imps
  3 worms
  A dart slug (D:2)
  59 orcs
  8 bats
  3 endoplasms
  5 giant cockroaches
  4 goblins
  6 hobgoblins
  5 jackals
  5 quokkas
  7 ball pythons
  2 frilled lizards
  15 kobolds
  7 rats
  5 briar patches (Swamp:4)
833 creatures vanquished.

Vanquished Creatures (collateral kills)
  A broodmother (Spider:1)
  A jumping spider (Spider:1)
  A culicivora (Spider:1)
  A boggart (D:14)
4 creatures vanquished.

Vanquished Creatures (others)
  A bloated husk (Swamp:4)
  A human (D:15)
  A redback (Spider:2)
  A boggart (D:14)
  A bush (Lair:5)
  6 foxfires
  24 fungi
  74 plants
  4 withered plants
113 creatures vanquished.

Grand Total: 950 creatures vanquished

Notes
Turn   | Place    | Note
-------+----------+-------------------------------------------
     0 | D:1      | SUNBASKER the Minotaur Berserker began the quest for the
                  | Orb.
     0 | D:1      | Reached XP level 1. HP: 19/19 MP: 0/0
   216 | D:1      | Reached XP level 2. HP: 23/27 MP: 1/1
   581 | D:1      | Found a faded altar of an unknown god.
   839 | D:2      | Reached XP level 3. HP: 28/33 MP: 2/2
  1100 | D:2      | Reached ** piety under Trog
  1539 | D:3      | Reached XP level 4. HP: 31/41 MP: 3/3
  2111 | D:4      | Reached skill level 5 in Fighting
  2111 | D:4      | Reached skill level 5 in Axes
  2111 | D:4      | Reached XP level 5. HP: 47/48 MP: 4/4
  2127 | D:4      | Identified the +1 plate armour of Least Resistance {Drain
                  | rN+ Slay+5 Stlth+}
  2171 | D:4      | Reached *** piety under Trog
  2473 | D:4      | Noticed a black bear
  2479 | D:4      | Killed a black bear
  2480 | D:4      | Reached XP level 6. HP: 43/57 MP: 5/5
  2486 | D:4      | Reached skill level 5 in Armour
  2826 | D:4      | Found a runed translucent door.
  2827 | D:4      | Noticed Crazy Yiuf
  2832 | D:4      | Killed Crazy Yiuf
  2949 | D:5      | Entered Level 5 of the Dungeon
  3169 | D:5      | Noticed a water moccasin
  3178 | D:5      | Killed a water moccasin
  3179 | D:5      | Reached XP level 7. HP: 34/64 MP: 6/6
  3936 | D:6      | Reached skill level 1 in Evocations
  4169 | D:6      | Reached XP level 8. HP: 73/73 MP: 7/7
  4174 | D:6      | Noticed Edmund
  4187 | D:6      | Killed Edmund
  4451 | D:6      | Reached **** piety under Trog
  5348 | D:7      | Reached XP level 9. HP: 59/81 MP: 8/8
  5533 | D:7      | Found a staircase to the Ecumenical Temple.
  5560 | D:7      | Noticed Pikel
  5569 | D:7      | Killed Pikel
  6549 | D:8      | Noticed Psyche
  6557 | D:8      | Killed Psyche
  6558 | D:8      | Reached skill level 10 in Fighting
  6828 | D:8      | Noticed a two-headed ogre
  6836 | D:8      | Reached skill level 10 in Axes
  6839 | D:8      | Killed a two-headed ogre
  6840 | D:8      | Reached XP level 10. HP: 94/94 MP: 9/9
  7119 | D:8      | Found a stormy altar of Qazlal.
  7470 | D:9      | Reached skill level 10 in Armour
  7545 | D:9      | Found a shadowy altar of Dithmenos.
  7575 | D:9      | Found a staircase to the Orcish Mines.
  7622 | D:9      | Found a staircase to the Lair.
  7700 | D:9      | Found a shadowy altar of Dithmenos.
  7716 | D:9      | Found a stormy altar of Qazlal.
  7716 | D:9      | Noticed a wizard
  7730 | D:9      | Killed a wizard
  8113 | D:10     | Entered Level 10 of the Dungeon
  8113 | D:10     | Noticed a two-headed ogre
  8116 | D:10     | Killed a two-headed ogre
  8132 | D:10     | Noticed a two-headed ogre
  8140 | D:10     | Killed a two-headed ogre
  8213 | D:10     | Reached skill level 5 in Evocations
  8217 | D:10     | Reached XP level 11. HP: 101/104 MP: 10/10
  8411 | D:10     | Noticed a centaur warrior
  8414 | D:10     | Killed a centaur warrior
  8601 | D:10     | Found a shimmering altar of Xom.
  8682 | D:10     | Reached ***** piety under Trog
  8866 | D:10     | Found a stormy altar of Qazlal.
  9456 | D:11     | Noticed a two-headed ogre
  9461 | D:11     | Killed a two-headed ogre
  9479 | D:11     | Noticed a centaur warrior
  9496 | D:11     | Killed a centaur warrior
  9750 | D:11     | Noticed a boulder beetle
 10175 | D:11     | Killed a boulder beetle
 10340 | Lair:1   | Entered Level 1 of the Lair of Beasts
 10351 | Lair:1   | Received a gift from Trog
 10468 | Lair:1   | Reached XP level 12. HP: 10/115 MP: 11/11
 10730 | Lair:1   | Found a dark tunnel.
 10741 | Volcano  | Entered a volcano
 11731 | Volcano  | Noticed a two-headed ogre
 11743 | Volcano  | Killed a two-headed ogre
 11827 | Volcano  | Noticed a fire dragon
 11838 | Volcano  | Killed a fire dragon
 12833 | Lair:2   | Noticed an eight-headed hydra
 12843 | Lair:2   | Killed an 11-headed hydra
 12975 | Lair:2   | Noticed a seven-headed hydra
 12989 | Lair:2   | Killed an 11-headed hydra
 12995 | Lair:1   | Reached XP level 13. HP: 52/125 MP: 12/12
 14157 | Lair:2   | Reached skill level 15 in Fighting
 14157 | Lair:2   | Reached skill level 15 in Axes
 14186 | Lair:2   | Found a staircase to the Swamp.
 15014 | Lair:3   | Found a hole to the Spider Nest.
 17512 | Lair:5   | Entered Level 5 of the Lair of Beasts
 17526 | Lair:5   | Reached skill level 15 in Armour
 18719 | Lair:5   | Found a viscous altar of Jiyva.
 18719 | Lair:5   | Found a staircase to the Slime Pits.
 18970 | Lair:5   | HP: 9/192 [death yak (9)]
 18973 | Lair:5   | HP: 3/192 [death yak (7)]
 19447 | Lair:5   | Identified the +6 fire dragon scales of Jaaxerud {+Blink
                  | rPois rF++ rC-}
 19832 | Orc:1    | Entered Level 1 of the Orcish Mines
 19861 | Orc:1    | Reached ****** piety under Trog
 20015 | Orc:1    | Paralysed by an orc sorcerer for 4 turns
 20024 | Orc:1    | Reached XP level 14. HP: 80/114 MP: 13/13
 20072 | Orc:1    | Received a gift from Trog
 20216 | Orc:2    | Entered Level 2 of the Orcish Mines
 20216 | Orc:2    | Found a staircase to the Elven Halls.
 20682 | Orc:2    | Found Elasch's General Store.
 20682 | Orc:2    | Found Huipug's Antique Armour Shop.
 20683 | Orc:2    | Found Pegib's Antique Weapon Boutique.
 20687 | Orc:2    | Found Datudghowa's Book Boutique.
 20716 | Orc:2    | Received a gift from Trog
 20819 | Orc:2    | Bought a scroll of poison for 56 gold pieces
 20819 | Orc:2    | Bought a potion of heal wounds for 70 gold pieces
 20819 | Orc:2    | Bought 2 potions of flight for 84 gold pieces
 20819 | Orc:2    | Bought a wand of flame (11) for 107 gold pieces
 21425 | Orc:2    | Bought the +2 hat of the Bear Spirit {Spirit, *Rage Will++}
                  | for 1186 gold pieces
 21425 | Orc:2    | Found the +2 hat of the Bear Spirit {Spirit, *Rage Will++}
 22447 | D:12     | Reached skill level 5 in Dodging
 22852 | D:12     | Received a gift from Trog
 24010 | D:13     | Noticed a frost giant
 24010 | D:13     | Noticed a storm dragon
 24021 | D:13     | Killed a frost giant
 24028 | D:13     | Killed a storm dragon
 24909 | D:13     | Received a gift from Trog
 25359 | D:13     | Found a gate to the Vaults.
 26020 | D:14     | Reached XP level 15. HP: 147/147 MP: 14/14
 26318 | D:15     | Entered Level 15 of the Dungeon
 27371 | D:14     | Found a basalt altar of Yredelemnul.
 27570 | D:15     | Received a gift from Trog
 27777 | D:15     | Noticed Kirke
 27784 | D:15     | Killed Kirke
 28738 | D:15     | Found a staircase to the Depths.
 29163 | Swamp:1  | Entered Level 1 of the Swamp
 29576 | Swamp:1  | Noticed Donald
 29595 | Swamp:1  | Killed Donald
 31497 | Swamp:2  | Received a gift from Trog
 32164 | Swamp:2  | Found an opulent altar of Gozag.
 32209 | Swamp:2  | Reached XP level 16. HP: 143/159 MP: 15/15
 32356 | Swamp:2  | Noticed Roxanne
 32382 | Swamp:2  | Killed Roxanne
 34068 | Swamp:4  | Entered Level 4 of the Swamp
 34640 | Swamp:4  | Found a runed translucent door.
 34641 | Swamp:4  | Found a shimmering altar of Xom.
 34641 | Swamp:4  | Noticed Suexuef's ghost (adept GrBe)
 35454 | Swamp:4  | Killed Suexuef's ghost
 35634 | Swamp:4  | Received a gift from Trog
 35635 | Swamp:4  | Reached skill level 10 in Evocations
 36570 | Swamp:4  | Noticed a thorn hunter
 36586 | Swamp:4  | Killed a thorn hunter
 36927 | Swamp:4  | Got a decaying rune of Zot
 37279 | Spider:1 | Entered Level 1 of the Spider Nest
 37918 | Spider:1 | Received a gift from Trog
 40061 | Spider:2 | Identified the +8 morningstar of the Dungeon {vorpal, rC-
                  | Str+4 Dex+4}
 40159 | Spider:2 | Reached XP level 17. HP: 143/168 MP: 14/16
 40162 | Spider:2 | Identified the +4 battleaxe "Zipleow" {flame, Drain +Blink
                  | rElec Str+7} (Trog gifted it to you on level 2 of the
                  | Spider Nest)
 40162 | Spider:2 | Received a gift from Trog
 40164 | Spider:2 | Paralysed by a jorogumo for 3 turns
 41855 | Spider:2 | Noticed Frances
 41861 | Spider:2 | Killed Frances
 42034 | Spider:2 | Reached skill level 10 in Dodging
 43336 | Spider:2 | Slain by a culicivora

Illustrated notes

Levels and vault maps discovered:
D:1:      saegor_arrival_simple_b, layout_loops_ring,
          shapermc_ecumenical_altar_gd
D:2:      layout_loops_ring
D:3:      layout_rooms
D:4:      layout_loops_ring, uniq_crazy_yiuf_cottage
D:5:      layout_loops_cross
D:6:      layout_cave_pods, uniq_edmund
D:7:      layout_basic, minmay_temple_entry_statues_pillars,
          serial_bayou_pond_b, uniq_pikel
D:8:      layout_loops_ring, kennysheep_little_box, uniq_psyche
D:9:      layout_irregular_city, lemuel_round_altar, lair_entry_dummy,
          hangedman_feature_mirror
D:10:     minmay_general_purpose_star, layout_loops_cross,
          hangedman_feature_mirror
D:11:     layout_irregular_city
D:12:     layout_stronghold
D:13:     minmay_textured_paths, layout_gridville, david_vaults_2
D:14:     layout_loops_corners, yredelemnul_altar_generic, minmay_bent
D:15:     grunt_enter_depths_magical_seal, layout_basic, columned_hall_lemuel,
          uniq_kirke
Lair:1:   layout_chaotic_city, enter_volcano_2
Lair:2:   layout_small_grid, skrybe_swamp_entry_bodies
Lair:3:   layout_layer_cave, spider_nest_entry_webs
Lair:4:   layout_roguey, nicolae_lair_liquid_snakes, lemuel_fruit_tree
Lair:5:   grunt_lair_end_beastmaster, layout_layer_cave,
          dpeg_slime_entry_enclosed, minivault_19
Swamp:1:  layout_falls_marsh, evilmike_swamp_ruin_rubble_2,
          infiniplex_staircase_pool, uniq_donald
Swamp:2:  layout_basic_swamp, nicolae_swamp_godswood, uniq_roxanne
Swamp:3:  layout_falls_marsh, evilmike_swamp_ruin_house_4
Swamp:4:  swamp_basic_johnstein, layout_basic_swamp, ebering_ghost_xom
Spider:1: layout_chambers
Spider:2: layout_cave_pods, uniq_frances
Spider:3: layout_spider_delve, hangedman_spider_tarantella_strand, uniq_nikola
Orc:1:    layout_caves, hellmonk_bongcloud_opening, guppyfry_library_mini
Orc:2:    st_orc_mages, layout_caves, lightli_orcish_oven

Skill      XL: |  1  2  3  4  5  6  7  8  9 10 11 12 13 14 15 16 17 |
---------------+----------------------------------------------------+-----
Fighting       | 4 5 6 7 8 10 11 13 14 16 17 18 19 | 19.8
Axes           | 4 5 6 7 8 10 11 13 14 16 17 18 19 | 19.7
Armour         | 3 4 5 6 8 9 11 12 14 15 17 18 19 | 19.5
Evocations     | 1 2 4 5 6 7 8 9 10 | 10.5
Dodging        | 4 6 7 9 10 | 10.2

Action                   |  1- 3 |  4- 6 |  7- 9 | 10-12 | 13-15 | 16-18 || total
-------------------------+-------+-------+-------+-------+-------+-------++-------
Melee: Hand axe          |    48 |       |       |       |       |       ||    48
       Headbutt          |    17 |    12 |    31 |    63 |   172 |    94 ||   389
       War axe           |    46 |    83 |   191 |    94 |       |       ||   414
       Punch             |     1 |     1 |     2 |       |       |       ||     4
       Battleaxe         |       |       |       |   209 |   377 |       ||   586
       Executioner's axe |       |       |       |       |   472 |   481 ||   953
Invok: Trog's Hand       |       |       |     2 |     1 |     3 |       ||     6
       Berserk           |       |       |     1 |     4 |     3 |     3 ||    11
       Brothers in Arms  |       |       |       |       |     1 |     1 ||     2
 Abil: Evoke Blink       |       |       |       |       |       |     1 ||     1
Evoke: Wand              |       |       |       |     1 |     7 |       ||     8
       Condenser vane    |       |       |       |       |     1 |       ||     1
  Use: Scroll            |       |     7 |     2 |     7 |    10 |     4 ||    30
       Potion            |       |       |       |     1 |     5 |     2 ||     8
 Stab: Confused          |       |       |       |       |     4 |       ||     4
Armor: Animal skin       |    12 |       |       |       |       |       ||    12
       Chain mail        |    46 |    39 |       |       |       |       ||    85
       Plate armour      |       |    17 |   120 |   286 |   115 |       ||   538
       Fire dragon scale |       |       |       |       |   509 |   451 ||   960
Dodge: Dodged            |    60 |    49 |    62 |   114 |   431 |   411 ||  1127
